[ AOE2 MATCH · #506234884 ]
UnrankedBurmese vs Vikings
Player's team · WIN
Rival team · LOSS
[ REPLAY ANALYSIS · EXTRACTED FROM THE RECORDED GAME ]
Feudal
8:50
Castle
—
Imperial
—
| APM avg | 66.3 |
| APM peak | 87 |
| eAPM avg | 26.7 |
| Villagers / military | 22 / 5 |
Focus
⚔️ 51.6% · 🌾 48.4%
Militia ×5
Feudal
9:15
Castle
—
Imperial
—
| APM avg | 54.9 |
| APM peak | 83 |
| eAPM avg | 23.6 |
| Villagers / military | 23 / 3 |
Focus
⚔️ 46.4% · 🌾 53.6%
Archer ×2 · Spearman ×1
Match map
Initial resources + every placement click. Lines = walls · curves = elevation contours. ◆ gold · ⬟ stone · ● berries · ✦ relic · ◌ wall gap
Your base
sane's base
Smoothed initial terrain · ◌ = detected wall gap · hover for details
Inputs per minute
— The Illusionist - - sane
Build order — The Illusionist
43 actions detected in the replay
| 0:00 | Create | Villager (Male) |
| 0:00 | Create | Villager (Male) |
| 0:01 | Create | Villager (Male) |
| 0:02 | Build | House |
| 0:03 | Build | House |
| 0:08 | Create | Villager (Male) |
| 0:08 | Create | Villager (Male) |
| 1:27 | Create | Villager (Male) |
| 1:54 | Create | Villager (Male) |
| 1:54 | Create | Villager (Male) |
| 2:03 | Create | Villager (Male) |
| 2:10 | Build | Lumber Camp |
| 2:25 | Create | Villager (Male) |
| 2:25 | Create | Villager (Male) |
| 3:00 | Create | Villager (Male) |
| 3:00 | Create | Villager (Male) |
| 3:28 | Create | Villager (Male) |
| 3:51 | Build | House |
| 4:13 | Create | Villager (Male) |
| 4:18 | Create | Villager (Male) |
| 4:47 | Build | Barracks |
| 5:18 | Create | Villager (Male) |
| 5:27 | Create | Villager (Male) |
| 5:35 | Research | Loom |
| 5:47 | Build | House |
| 6:38 | Research | Feudal Age |
| 6:38 | Research | Feudal Age |
| 6:54 | Create | Militia |
| 6:55 | Create | Militia |
| 6:59 | Build | Mining Camp |
| 7:13 | Build | House |
| 7:15 | Create | Militia |
| 7:34 | Create | Militia |
| 7:52 | Build | Palisade Wall |
| 8:05 | Create | Militia |
| 8:38 | Create | Villager (Male) |
| 8:50 | Age | Feudal Age |
| 9:09 | Research | Man-at-Arms (upgrade) |
| 9:28 | Create | Villager (Male) |
| 9:28 | Create | Villager (Male) |
| 9:32 | Build | Mill |
| 9:45 | Build | Watch Tower |
| 9:59 | Create | Villager (Male) |
Build order — sane
53 actions detected in the replay
| 0:00 | Create | Villager (Male) |
| 0:01 | Create | Villager (Male) |
| 0:01 | Create | Villager (Male) |
| 0:01 | Create | Villager (Male) |
| 0:02 | Build | House |
| 0:04 | Build | House |
| 1:24 | Create | Villager (Male) |
| 1:46 | Build | Lumber Camp |
| 1:51 | Create | Villager (Male) |
| 2:24 | Create | Villager (Male) |
| 2:49 | Create | Villager (Male) |
| 3:03 | Create | Villager (Male) |
| 3:24 | Build | House |
| 3:43 | Create | Villager (Male) |
| 4:01 | Create | Villager (Male) |
| 4:09 | Build | Mill |
| 4:21 | Create | Villager (Male) |
| 4:47 | Create | Villager (Male) |
| 5:14 | Create | Villager (Male) |
| 5:16 | Create | Villager (Male) |
| 5:23 | Create | Villager (Male) |
| 5:50 | Create | Villager (Male) |
| 6:02 | Research | Loom |
| 6:46 | Build | Mining Camp |
| 6:52 | Create | Villager (Male) |
| 6:57 | Research | Feudal Age |
| 7:13 | Create | Villager (Male) |
| 7:30 | Build | House |
| 7:52 | Build | Barracks |
| 7:55 | Build | Barracks |
| 8:12 | Create | Villager (Male) |
| 8:14 | Build | Palisade Wall |
| 8:16 | Build | Palisade Wall |
| 8:17 | Build | Palisade Wall |
| 8:19 | Build | Palisade Wall |
| 8:24 | Build | Palisade Wall |
| 8:25 | Build | Palisade Wall |
| 8:26 | Build | Palisade Wall |
| 8:29 | Create | Villager (Male) |
| 8:31 | Build | Palisade Wall |
| 8:33 | Build | Palisade Wall |
| 8:35 | Build | Palisade Wall |
| 8:36 | Build | Palisade Wall |
| 8:57 | Build | House |
| 9:04 | Create | Villager (Male) |
| 9:15 | Age | Feudal Age |
| 9:30 | Build | Archery Range |
| 9:31 | Create | Villager (Male) |
| 9:42 | Research | Double-Bit Axe |
| 10:05 | Build | Watch Tower |
| 10:16 | Create | Archer |
| 10:16 | Create | Archer |
| 10:18 | Create | Spearman |
Match timeline
| 4:47 | The Illusionist · first_building Barracks |
| 7:52 | sane · first_building Barracks |
| 7:52 | The Illusionist · wall_segment Palisade Wall x1 |
| 8:14 | sane · wall_segment Palisade Wall x1 |
| 8:16 | sane · wall_segment Palisade Wall x1 |
| 8:17 | sane · wall_segment Palisade Wall x1 |
| 8:19 | sane · wall_segment Palisade Wall x1 |
| 8:24 | sane · wall_segment Palisade Wall x1 |
| 8:25 | sane · wall_segment Palisade Wall x1 |
| 8:26 | sane · wall_segment Palisade Wall x1 |
| 8:31 | sane · wall_segment Palisade Wall x1 |
| 8:33 | sane · wall_segment Palisade Wall x1 |
| 8:35 | sane · wall_segment Palisade Wall x1 |
| 8:36 | sane · wall_segment Palisade Wall x1 |
| 8:50 | The Illusionist · age_up feudal |
| 9:15 | sane · age_up feudal |
| 9:30 | sane · first_building Archery Range |
| 10:32 | sane · resign |
[ AI ANALYSIS · 1 CREDIT ]
What really happened in this match?
Wolo.gg analyzes every decision: build order, eco, micro, common mistakes by bracket. Personalized analysis on WhatsApp or Discord in 30 seconds.
Civ guide
Burmese
Perfil
Jugador #1389164